 Dungeon Crawl Stone Soup version 0.22-a0-433-gd2a9cce (webtiles) character file.

3614 raistware the Destroyer (level 9, -10/57 HPs)
             Began as a Mummy Wizard on May 27, 2018.
             Was a Follower of Sif Muna.
             Mangled by a troll (16 damage)
             ... on level 8 of the Dungeon.
             The game lasted 00:28:24 (8560 turns).

raistware the Destroyer (Mummy Wizard)              Turns: 8560, Time: 00:28:25

Health: -10/57     AC:  5    Str: 10    XL:     9   Next: 86%
Magic:  14/16      EV: 13    Int: 20    God:    Sif Muna [*.....]
Gold:   435        SH:  0    Dex: 14    Spells: 7/18 levels left

rFire    x . .     SeeInvis .   p - +2 mace (protect)
rCold    + . .     Gourm    .   (no shield)
rNeg     + + +     Faith    .   a - +0 robe
rPois    ∞         Spirit   .   b - +0 hat
rElec    .         Reflect  .   (no cloak)
rCorr    .         Harm     .   k - +1 pair of gloves
MR       +....                  t - +0 pair of boots
Stlth    +++.......             n - amulet of magic regeneration
HPRegen  0.19/turn              B - +1 ring of evasion
MPRegen  0.40/turn              q - +3 ring of dexterity

@: no status effects
A: no food or potions, fire vulnerability, cold resistance 1, negative energy
resistance 3, torment resistance, unbreathing
a: Divine Energy, Renounce Religion


You were on level 8 of the Dungeon.
You worshipped Sif Muna.
Sif Muna was aware of your devotion.
You were not hungry.

You visited 2 branches of the dungeon, and saw 10 of its levels.

You collected 435 gold pieces.

Inventory:

Hand Weapons
 p - a +2 mace of protection (weapon)
Missiles
 c - 10 tomahawks (quivered)
 d - 3 throwing nets
 f - 72 sling bullets
Armour
 a - a +0 robe (worn)
 b - a +0 hat (worn)
 k - a +1 pair of gloves (worn)
 t - a +0 pair of boots (worn)
Jewellery
 i - an uncursed ring of protection from magic
 n - an amulet of magic regeneration (around neck)
 q - a +3 ring of dexterity (right hand)
 B - a +1 ring of evasion (left hand)
Wands
 l - a wand of clouds (5)
 v - a wand of scattershot (5)
 w - a wand of flame (19)
 C - a wand of acid (6)
Scrolls
 e - 10 scrolls of identify {unknown}
 g - 2 scrolls of enchant armour {unknown}
 h - 2 scrolls of amnesia {unknown}
 j - 7 scrolls of remove curse
 m - a scroll of fog {unknown}
 o - 5 scrolls of teleportation {unknown}
 r - a scroll of immolation {unknown}
 s - a scroll of noise {unknown}
 u - a scroll of random uselessness {unknown}
 x - a scroll of fear {unknown}
 y - a scroll of silence {unknown}
 z - a scroll of magic mapping {unknown}
 A - a scroll of vulnerability {unknown}


   Skills:
 - Level 2.1 Dodging
 - Level 4.0 Stealth
 - Level 5.0 Spellcasting
 + Level 9.8 Conjurations
 - Level 1.0 Summonings
 - Level 1.0 Translocations
 - Level 5.0 Fire Magic


You had 7 spell levels left.
You knew the following spells:

 Your Spells              Type           Power        Failure   Level  Hunger
a - Magic Dart            Conj           ####         1%          1    N/A
b - Blink                 Tloc           N/A          12%         2    N/A
c - Call Imp              Summ           #.......     12%         2    N/A
d - Conjure Flame         Conj/Fire      ####....     1%          3    N/A
e - Mephitic Cloud        Conj/Pois/Air  ###.....     9%          3    N/A

Your spell library contained the following spells:

 Spells                   Type           Power        Failure   Level  Hunger
 Slow                     Hex            #.......     17%         2    N/A
 Animate Dead             Necr           N/A          75%         4    N/A
 Pain                     Necr           #...         12%         1    N/A
 Animate Skeleton         Necr           N/A          12%         1    N/A
 Vampiric Draining        Necr           #.........   34%         3    N/A
 Regeneration             Chrm/Necr      #.........   34%         3    N/A

Dungeon Overview and Level Annotations

Branches:
Dungeon (9/15)             Temple (1/1) D:7            Lair (0/6) D:8
    Orc: D:9-12

Altars:
Ashenzari
Cheibriados
Dithmenos
Elyvilon
Fedhas
Hepliaklqana
Kikubaaqudgha
Nemelex Xobeh
Okawaru
Qazlal
Ru
Sif Muna
Trog
Uskayaw
Vehumet
Wu Jian
Xom
Yredelemnul
The Shining One

Annotations:
D:9 Erica


Innate Abilities, Weirdness & Mutations

You do not eat or drink.
Your flesh is vulnerable to fire.
You are immune to poison.
Your flesh is cold resistant. (rC+)
You are immune to negative energy. (rN+++)
You are immune to unholy pain and torment.
You can survive without breathing.


Message History

There is a stone staircase leading up here.
Casting: Conjure Flame (safe; 1% risk of failure)
Confirm with . or Enter, or press ? or * to list all spells.
Okay, then.
The troll bites you!
* * * LOW HITPOINT WARNING * * *
The troll misses you. x2
You climb upwards.
There is a stone staircase leading down here.
Casting: Conjure Flame (safe; 1% risk of failure)
Confirm with . or Enter, or press ? or * to list all spells.
You blink.
The troll bites you but does no damage. The troll claws you!
* * * LOW HITPOINT WARNING * * *
The troll claws you but does no damage.
There is a stone staircase leading up here.
Casting: Blink (safe; 12% risk of failure)
Confirm with . or Enter, or press ? or * to list all spells.
A beastly little devil appears in a puff of flame.
The troll bites you!
You die...

##...#.##.......
#(......'.......
##>.<#.##.......
######.##.###......
#.........# ##.....
#.######..# ##...#
#5# #.....# ##'##
#.###.##.## #...
#.@T.....# #...
#####.#### ##...
##.## ##...#
##.#.## #%....
##.###.## ####....
#.## ##.###.......
##.###..<...##....
##.#.########....
##.## #####


You could see a troll and a friendly crimson imp.

Vanquished Creatures
  The ghost of Curus the Martial Artist, a novice MfTm of Okawaru (D:5)
  A komodo dragon (D:8)
  A hornet (D:7)
  A steam dragon (D:6)
  A black bear (D:7)
  An orc warrior (D:6)
  6 ogres
  4 centaurs
  2 bullfrogs (D:6)
  4 scorpions
  5 wights (D:7)
  A howler monkey (D:5)
  2 crimson imps
  A bullfrog zombie (D:6)
  2 jellies
  6 hounds
  3 orc wizards
  Jessica (D:2)
  2 iguanas
  3 worker ants
  Natasha (D:2)
  A hound skeleton (D:4)
  A howler monkey zombie (D:5)
  A worker ant zombie (D:7)
  12 adders
  6 gnolls
  A shadow imp (D:7)
  2 oozes
  An adder zombie (D:6)
  6 worms
  2 dart slugs
  3 leopard geckos
  20 orcs
  6 bats
  6 giant cockroaches
  5 goblins
  10 hobgoblins
  8 jackals
  10 kobolds
  2 quokkas
  4 frilled lizards
  7 rats
163 creatures vanquished.

Vanquished Creatures (collateral kills)
  A sky beast (D:8)
1 creature vanquished.

Vanquished Creatures (others)
  An ogre (D:8)
  A plant (D:8)
2 creatures vanquished.

Grand Total: 166 creatures vanquished

Notes
Turn   | Place    | Note
-------+----------+-------------------------------------------
     0 | D:1      | raistware the Mummy Wizard began the quest for the Orb.
     0 | D:1      | Reached XP level 1. HP: 13/13 MP: 5/5
    24 | D:1      | Reached skill level 1 in Conjurations
   240 | D:1      | Reached XP level 2. HP: 19/19 MP: 4/7
   244 | D:1      | Learned a level 2 spell: Blink
   247 | D:1      | Learned a level 2 spell: Call Imp
   603 | D:1      | Reached skill level 1 in Translocations
   760 | D:1      | Reached skill level 1 in Summonings
   822 | D:1      | Reached skill level 2 in Conjurations
   955 | D:1      | Reached XP level 3. HP: 16/24 MP: 3/8
  1337 | D:2      | Noticed Jessica
  1406 | D:2      | Learned a level 3 spell: Conjure Flame
  1410 | D:2      | Killed Jessica
  1410 | D:2      | Reached skill level 3 in Conjurations
  1410 | D:2      | Reached XP level 4. HP: 30/30 MP: 6/10
  1633 | D:2      | Noticed Natasha
  1644 | D:2      | Killed Natasha
  1945 | D:2      | Reached XP level 5. HP: 35/35 MP: 9/11
  1950 | D:2      | Learned a level 3 spell: Mephitic Cloud
  2054 | D:3      | Found a snail-covered altar of Cheibriados.
  2057 | D:3      | Found a sacrificial altar of Ru.
  2057 | D:3      | Found a shimmering altar of Xom.
  2067 | D:3      | Found a shadowy altar of Dithmenos.
  2135 | D:3      | Found a shattered altar of Ashenzari.
  2231 | D:3      | Reached skill level 4 in Conjurations
  2237 | D:3      | Found a sparkling altar of Nemelex Xobeh.
  2722 | D:3      | Found a faded altar of an unknown god.
  2935 | D:4      | Noticed an ogre
  2949 | D:4      | Killed an ogre
  2949 | D:4      | Reached skill level 1 in Fire Magic
  2949 | D:4      | Reached XP level 6. HP: 41/41 MP: 2/12
  3336 | D:5      | Entered Level 5 of the Dungeon
  3336 | D:5      | Noticed Curus's ghost (novice MfTm)
  3359 | D:4      | You fall through a shaft!
  3558 | D:5      | Found a basalt altar of Yredelemnul.
  3653 | D:4      | Reached skill level 5 in Spellcasting
  3824 | D:5      | Killed Curus's ghost
  3824 | D:5      | Reached skill level 5 in Conjurations
  3824 | D:5      | Reached XP level 7. HP: 41/46 MP: 14/14
  3848 | D:5      | Reached XP level 8. HP: 36/52 MP: 8/15
  4244 | D:5      | Reached skill level 6 in Conjurations
  4262 | D:5      | Found an iron altar of Okawaru.
  4839 | D:6      | Reached skill level 7 in Conjurations
  5119 | D:6      | HP: 1/52 [something/ball of steam (21)]
  5658 | D:6      | Found a blossoming altar of Fedhas.
  5665 | D:6      | Found a hazy altar of Hepliaklqana.
  5672 | D:6      | Found a hide-covered altar of Uskayaw.
  5735 | D:6      | Reached XP level 9. HP: 57/57 MP: 7/16
  6081 | D:7      | Reached skill level 8 in Conjurations
  6309 | D:7      | Reached skill level 5 in Fire Magic
  6311 | D:7      | Found a staircase to the Ecumenical Temple.
  6474 | Temple   | Entered the Ecumenical Temple
  6696 | Temple   | Became a worshipper of Sif Muna the Loreminder
  7169 | D:8      | Reached skill level 9 in Conjurations
  7880 | D:8      | Found a staircase to the Lair.
  7881 | D:8      | Noticed a komodo dragon
  7924 | D:8      | Found a glowing golden altar of the Shining One.
  8011 | D:8      | Killed a komodo dragon
  8011 | D:8      | Reached * piety under Sif Muna
  8195 | D:9      | Noticed Erica
  8195 | D:9      | Noticed a two-headed ogre
  8295 | D:9      | Noticed a troll
  8560 | D:8      | Mangled by a troll

Vault maps used:
D:1:      tarquinn_simple_flora_water_d
D:2:      uniq_natasha, uniq_jessica
D:3:      marbit_many_paths, grunt_temple_overflow_open,
          chequers_ecumenical_altar_lobes, evilmike_ruin_ashenzari
D:4:      first_ration
D:5:      basic_altar, roderic_cross_of_infinity, minmay_misc_feat_five,
          okawaru_trees_2
D:6:      kennysheep_steamy, minmay_overflow_temple_star_quad
D:7:      minmay_temple_entry_glass
D:8:      lemuel_round_altar, david_lair_shrubbed, grunt_ogre_cave
D:9:      grunt_temple_overflow_gold_and_silver, makhleb_grotto_becter,
          serial_shops, nicolae_shop_stone, uniq_erica
Temple:   dpeg_chambers_temple

Skill      XL: |  1  2  3  4  5  6  7  8  9 |
---------------+----------------------------+-----
Conjurations   | 1 2 3 4 5 7 9 |  9.8
Translocations | 1 |  1.0
Summonings     | 1 |  1.0
Stealth        | 2 4 |  4.0
Dodging        | 2 |  2.1
Fire Magic     | 1 3 4 5 |  5.0
Spellcasting   | 5 |  5.0

Action                   |  1- 3 |  4- 6 |  7- 9 || total
-------------------------+-------+-------+-------++-------
Melee: Whip              |    22 |    18 |       ||    40
       Mace              |       |    90 |    80 ||   170
Throw: Tomahawk          |    14 |     9 |       ||    23
 Cast: Magic Dart        |    66 |   134 |   221 ||   421
       Mephitic Cloud    |       |     5 |    18 ||    23
       Conjure Flame     |       |     4 |    31 ||    35
       Blink             |       |     1 |     1 ||     2
       Call Imp          |       |       |     8 ||     8
Evoke: Wand              |       |       |    14 ||    14
  Use: Scroll            |       |       |     1 ||     1
 Stab: Sleeping          |     2 |     3 |     4 ||     9
       Confused          |       |     2 |     4 ||     6
Armor: Robe              |    11 |    58 |    53 ||   122
Dodge: Dodged            |    46 |   117 |    83 ||   246

Table legend:
 A = Spawn XP
 B = Non-spawn XP
 C = Spawn XP percentage of total XP
 D = Spawn monster count
 E = Non-spawn monster count
 F = Spawn count percentage of total count
 G = Total turns spent on level
                    A         B        C        D         E        F      G
               +---------+---------+-------+---------+---------+-------+---------
         Total |       0 |    5164 |   0.0 |       0 |     165 |   0.0 |  8560
               +---------+---------+-------+---------+---------+-------+---------
           D:1 |       0 |      50 |   0.0 |       0 |      26 |   0.0 |  1289
           D:2 |       0 |     146 |   0.0 |       0 |      21 |   0.0 |   668
           D:3 |       0 |      99 |   0.0 |       0 |      22 |   0.0 |   799
           D:4 |       0 |     357 |   0.0 |       0 |      14 |   0.0 |   982
           D:5 |       0 |    1359 |   0.0 |       0 |      21 |   0.0 |   710
           D:6 |       0 |     883 |   0.0 |       0 |      21 |   0.0 |  1482
           D:7 |       0 |    1384 |   0.0 |       0 |      24 |   0.0 |   953
           D:8 |       0 |     886 |   0.0 |       0 |      16 |   0.0 |  1405
               +---------+---------+-------+---------+---------+-------+---------
